AoeStats
← LIJKIE

Arena

508271014Analyzed
4v4 RM · 10d ago on Sep 21, 2026· 52m 2s· 8 players
Game mode
Random Map
Map size
Large (8 player)
Population
200
Speed
Normal
Resources
Standard
Victory
Conquest
Starting age
Dark Age
Ending age
Imperial Age
RankedLock teamsTeams togetherTeam positionsShared explorationLock speedFull tech treeHidden civsTurbo modeCheats
Victory
Defeat
🇮🇹 Celts · Italy
1062
+14
🇨🇴 Saracens · Colombia
1002
+17
🇷🇺 Portuguese · Russia
990
+17
🇳🇱 Britons · Netherlands
962
+18
🇳🇱 Celts · Netherlands
1090
-19
🇳🇱 Franks · Netherlands
1070
-19
🇳🇱 Khmer · Netherlands
1021
-17
🇳🇱 Huns · Netherlands
883
-11
fabio07deluca
11:32 Feudal Age
15:50 Castle Age
13:54 Horse Collar
14:27 Double-Bit Axe
14:29 Man-at-Arms
16:01 Scale Mail Armor
18:39 Long Swordsman
20:37 Chain Mail Armor
27:51 Wheelbarrow
27:02 Town Watch
27:08 Loom
27:50 Bow Saw
29:03 Hand Cart
30:00 Stone Mining
30:02 Gold Mining
30:33 Heavy Plow
31:14 Gold Shaft Mining
31:45 Stone Shaft Mining
31:31 Fortified Wall
36:00 Imperial Age
33:08 Pikeman
34:04 Forging
33:59 Treadmill Crane
34:30 Masonry
36:18 Iron Casting
36:20 Halberdier
38:31 Plate Mail Armor
39:31 Hoardings
39:12 Siege Engineers
38:43 Onager
44:22 Blast Furnace
44:00 Guilds
44:26 Siege Onager
46:17 Furor Celtica
49:16 Chemistry
50:12 Hoardings
50:01 Conscription
RogerFDM
9:33 Feudal Age
9:42 Feudal Age
9:48 Loom
10:41 Double-Bit Axe
15:24 Castle Age
14:14 Stone Mining
16:14 Bow Saw
23:12 Horse Collar
24:52 Gold Mining
25:37 Heavy Plow
28:31 Wheelbarrow
27:51 Fletching
28:14 Padded Archer Armor
29:07 Ballistics
28:55 Bodkin Arrow
30:55 Leather Archer Armor
32:03 Hand Cart
32:35 Gold Shaft Mining
36:05 Imperial Age
33:21 Town Watch
33:26 Treadmill Crane
33:57 Fortified Wall
34:05 Masonry
34:40 Murder Holes
35:10 Yeomen
35:16 Scale Mail Armor
35:26 Forging
36:09 Chain Mail Armor
36:21 Pikeman
37:03 Squires
37:29 Elite Longbowman
38:14 Bracer
39:34 Chemistry
39:08 Conscription
38:53 Gambesons
39:14 Halberdier
41:19 Ring Archer Armor
41:20 Plate Mail Armor
41:35 Hoardings
42:21 Arson
43:16 Iron Casting
42:50 Warwolf
45:20 Blast Furnace
44:41 Siege Engineers
45:08 Architecture
44:24 Arrowslits
46:50 Guard Tower
51:25 Keep
52:24 Two-Man Saw
52:23 Town Patrol
KOMMEPCAHT
11:58 Feudal Age
15:51 Castle Age
14:20 Double-Bit Axe
17:00 Wheelbarrow
18:10 Hand Cart
22:05 Bow Saw
21:49 Horse Collar
23:12 Heavy Plow
23:38 Gold Mining
25:16 Loom
26:15 Stone Mining
27:22 Fortified Wall
27:07 Murder Holes
27:34 Ballistics
27:08 Pikeman
32:29 Imperial Age
29:47 Treadmill Crane
30:18 Masonry
30:03 Fletching
30:14 Padded Archer Armor
30:24 Forging
30:15 Scale Mail Armor
31:28 Stone Shaft Mining
31:56 Leather Archer Armor
31:36 Bodkin Arrow
32:17 Iron Casting
31:57 Chain Mail Armor
33:34 Conscription
33:16 Arquebus
34:18 Chemistry
33:24 Siege Engineers
33:50 Architecture
34:11 Bracer
34:42 Ring Archer Armor
35:13 Blast Furnace
34:37 Arson
34:38 Gambesons
38:24 Plate Mail Armor
39:02 Two-Man Saw
38:43 Bombard Tower
40:40 Halberdier
46:07 Elite Skirmisher
46:53 Thumb Ring
Jan_Rui
10:28 Feudal Age
12:31 Wheelbarrow
15:15 Castle Age
14:14 Double-Bit Axe
14:12 Horse Collar
21:20 Loom
24:20 Heavy Plow
24:32 Bow Saw
27:25 Town Watch
29:32 Fletching
29:48 Scale Barding Armor
30:25 Town Watch
30:56 Hand Cart
31:03 Gold Mining
37:44 Imperial Age
35:46 Stone Mining
36:32 Gold Shaft Mining
38:23 Bodkin Arrow
38:39 Forging
38:39 Treadmill Crane
39:59 Chemistry
39:21 Ballistics
39:06 Siege Engineers
39:44 Conscription
41:35 Padded Archer Armor
42:45 Bimaristan
44:08 Iron Casting
47:15 Bracer
47:36 Chain Barding Armor
48:16 Blast Furnace
46:50 Elite Mameluke
48:05 Counterweights
49:00 Hoardings
48:30 Onager
53:11 Plate Barding Armor
52:51 Leather Archer Armor
silversurfernl
11:07 Feudal Age
11:41 Double-Bit Axe
15:55 Castle Age
14:13 Horse Collar
14:32 Gold Mining
17:08 Bow Saw
17:03 Heavy Plow
20:54 Husbandry
23:39 Ballistics
31:53 Imperial Age
33:38 Chemistry
32:38 Fletching
33:32 Wheelbarrow
33:05 Double Crossbow
33:32 Heavy Scorpion
34:41 Bodkin Arrow
35:35 Conscription
35:38 Siege Engineers
36:22 Bracer
39:00 Forging
39:37 Light Cavalry
40:28 Bloodlines
41:12 Iron Casting
40:21 Hussar
46:11 Blast Furnace
47:23 Onager
tiemen
7:38 Loom
10:24 Feudal Age
16:04 Castle Age
14:40 Double-Bit Axe
14:50 Horse Collar
15:13 Gold Mining
23:30 Ballistics
23:29 Pikeman
25:29 Stone Mining
29:53 Imperial Age
30:22 Scale Mail Armor
30:32 Forging
31:49 Chemistry
31:19 Chain Mail Armor
31:34 Conscription
33:30 Wheelbarrow
33:39 Heavy Plow
33:47 Halberdier
36:31 Iron Casting
36:27 Heavy Scorpion
41:25 Fletching
42:05 Plate Mail Armor
42:36 Blast Furnace
41:57 Fortified Wall
45:30 Siege Engineers
50:48 Elite Woad Raider
NewTrinity78
3:58 Loom
11:13 Feudal Age
13:41 Horse Collar
13:50 Double-Bit Axe
18:02 Castle Age
18:34 Forging
18:30 Scale Barding Armor
29:46 Bow Saw
29:39 Heavy Plow
35:29 Imperial Age
35:33 Cavalier
36:17 Scale Mail Armor
36:37 Chain Barding Armor
37:25 Iron Casting
38:20 Capped Ram
44:43 Elite Skirmisher
47:02 Paladin
50:29 Chemistry
50:00 Ballistics
LIJKIE
9:48 Feudal Age
18:09 Castle Age
18:15 Double-Bit Axe
19:11 Bow Saw
20:17 Pikeman
20:57 Squires
21:39 Elite Skirmisher
28:08 Imperial Age
29:39 Halberdier
32:01 Husbandry
34:56 Ballistics
36:08 Fortified Wall
38:59 #83
39:27 Cavalier
43:46 Paladin
Connection lost

Rejoining the realm…

Still unreachable

The connection could not be restored.

Session expired

The server has moved on; the page needs a fresh start.